 Dungeon Crawl Stone Soup version 0.29.1-1-gd02db6906a (webtiles) character file.

Game seed: 13584211683620657571

32288 Zeld the Severer (level 13, -3/119 HPs)
             Began as a Minotaur Berserker on Oct 16, 2022.
             Was a High Priest of Trog.
             Shot with an arrow by a centaur warrior (15 damage)
             ... on level 12 of the Dungeon.
             The game lasted 00:13:38 (22097 turns).

Zeld the Severer (Minotaur Berserker)              Turns: 22097, Time: 00:13:38

Health: -3/119     AC: 18    Str: 29    XL:     13   Next: 30%
Magic:  12/12      EV: 12    Int:  4    God:    Trog [*****.]
Gold:   915        SH:  5    Dex: 11    Spells: 12/12 levels left

rFire   + + +      SeeInvis +   a - +5 battleaxe (freeze)
rCold   + + +      Faith    .   (shield currently unavailable)
rNeg    . . .      Spirit   .   b - +0 plate armour
rPois   .          Reflect  +   (helmet restricted)
rElec   .          Harm     .   d - +0 cloak
rCorr   +          Rampage  .   G - +0 pair of gloves of the Sun {rF+++ rC+++ Will- rCorr Str-3}
Will    +....                   (no boots)
Stlth   ..........              e - amulet of reflection
HPRegen 1.29/turn               g - +6 ring of strength
MPRegen 0.13/turn               l - ring of see invisible

@: strong-willed, regenerating
A: horns 2, retaliatory headbutt
a: Renounce Religion, Berserk, Trog's Hand, Brothers in Arms


You were on level 12 of the Dungeon.
You worshipped Trog.
Trog was extremely pleased with you.
You visited 3 branches of the dungeon, and saw 15 of its levels.
You also visited: Ice Cave.

You collected 1689 gold pieces.
You spent 774 gold pieces at shops.

Inventory:

Hand Weapons
 a - a +5 battleaxe of freezing (weapon)
 r - a +5 executioner's axe of electrocution
Armour
 b - a +0 plate armour (worn)
 d - a +0 cloak (worn)
 G - the +0 pair of gloves of the Sun (worn) {rF+++ rC+++ Will- rCorr Str-3}
   (You found it on level 6 of the Dungeon)

   Str:       It affects your strength (-3).
   rF:        It renders you almost immune to fire.
   rC:        It renders you almost immune to cold.
   rCorr:     It protects you from acid and corrosion.
   Will:      It decreases your willpower.
Jewellery
 e - an amulet of reflection (around neck)
 g - a +6 ring of strength (left hand)
 l - a ring of see invisible (right hand)
Wands
 h - a wand of mindburst (11)
 j - a wand of polymorph (7)
 v - a wand of quicksilver (25)
 K - a wand of paralysis (5)
Scrolls
 c - 3 scrolls of poison
 p - a scroll of identify
 q - a scroll of blinking
 t - 4 scrolls of teleportation
 w - 8 scrolls of enchant armour
 x - 2 scrolls of fear
 F - 3 scrolls of magic mapping
Potions
 f - 11 potions of curing {unknown}
 i - 4 potions of brilliance {unknown}
 k - 2 potions of ambrosia {unknown}
 m - 3 potions of haste {unknown}
 n - 5 potions of heal wounds {unknown}
 o - a potion of cancellation {unknown}
 s - 2 potions of berserk rage {unknown}
 u - a potion of mutation {unknown}
 z - a potion of resistance {unknown}
 B - a potion of degeneration {unknown}
 C - 4 potions of flight {unknown}
 E - a potion of might {unknown}
 J - a potion of lignification {unknown}


   Skills:
 + Level 12.8 Fighting
 * Level 17.4 Axes
 + Level 12.5 Armour
 + Level 11.6 Dodging


You had 12 spell levels left.
You didn't know any spells.
Your spell library was empty.

Dungeon Overview and Level Annotations

Branches:
Dungeon (13/15)            Temple (1/1) D:6            Lair (1/5) D:10
    Orc (0/2) D:11          IceCv (visited)
 Vaults: D:13-14

Altars:
Ashenzari
Cheibriados
Dithmenos
Elyvilon
Fedhas
Gozag
Hepliaklqana
Kikubaaqudgha
Makhleb
Nemelex Xobeh
Okawaru
Qazlal
Ru
Sif Muna
Trog
Uskayaw
Vehumet
Wu Jian
Xom
Yredelemnul
Zin
The Shining One

Shops:
D:3 (   D:4 *   D:11 *

Portals:
Trove: D:10 (give 8 scrolls of fear)

Annotations:
D:11 3 runed translucent doors, exclusion: obsidian statue, Icepheonix32's ghost, journeyman MiFi


Innate Abilities, Weirdness & Mutations

You have a pair of horns on your head.
You reflexively headbutt those who attack you in melee.


Message History

The centaur warrior kicks you but does no damage.
You are too injured to fight recklessly!
You closely miss the centaur warrior. You block the centaur warrior's attack.
The centaur warrior kicks you but does no damage.
A death knight comes into view. It is wielding a +0 glaive.
You are too injured to fight recklessly!
You are too injured to fight recklessly!
The centaur warrior attacks as you move away!
You block the centaur warrior's attack. x2
The centaur warrior wields a +0 shortbow.
The centaur warrior shoots an arrow.
The arrow hits you!
The centaur warrior shoots an arrow.
The arrow hits you!
* * * LOW HITPOINT WARNING * * *
The centaur warrior shoots an arrow.
You reflect the arrow off an invisible shield around you!
The arrow hits the centaur warrior!!
You hear a shout!
The centaur warrior shoots an arrow.
The arrow hits you!
* * * LOW HITPOINT WARNING * * *
Things that are here:
a +0 troll leather armour; a troll corpse The centaur warrior shoots an arrow.
The arrow hits you.
* * * LOW HITPOINT WARNING * * *
As you read the scroll of fear, it crumbles to dust.
You assume a fearsome visage.
The white ugly thing looks frightened!
The death knight resists with some effort.
The centaur warrior resists with some effort.
The centaur warrior shoots an arrow.
The arrow hits you but does no damage.
You hear a shout!
Okay, then.
Okay, then.
Your skin crawls.
You feel strong-willed.
The centaur warrior shoots an arrow.
The arrow barely misses you.
A boggart comes into view.
The centaur warrior shoots an arrow.
The arrow closely misses you.
Unknown command.
Unknown command.
The centaur warrior shoots an arrow.
The arrow hits you!
You die...

######################
#....................#
#....................#
#..#######..#######..###
#..#>....#..# #.....
#..#.....#..# #.....
#..####@##..# #.....
#..#.....#..# #.....
#..#..)[(#..# #.....
#..#.....#..# #.....
#..###...#..# #.....
#..# #..c#..# #.....
#..# #.p.#..# #.....
#..#.....#..# #.....
#..#...ug#..# #.....


You could see a death knight and a centaur warrior.

Vanquished Creatures
  A reaper (IceCv)
  The ghost of lonewolfV2 the Cleaver, a journeyman GnBe of Trog (D:13)
  2 hydras
  3 centaur warriors
  5 two-headed ogres
  Erica (D:9)
  2 tengu warriors (D:13)
  4 skeletal warriors
  A deep elf pyromancer (D:13)
  3 cyclopes (D:12)
  2 ice statues (IceCv)
  2 gargoyles
  2 centaur skeletons (D:13)
  Maggie (D:9)
  An unseen horror (D:13)
  A tengu conjurer (D:12)
  7 ice devils (IceCv)
  7 trolls
  A hornet (D:8)
  2 shadows
  A ynoxinul (D:13)
  2 dire elephant simulacra (IceCv)
  2 wraiths
  28 yaks
  A vampire (D:13)
  A wyvern (D:9)
  4 vampire mosquitoes (D:12)
  2 humans (D:11)
  3 steam dragons
  A death yak simulacrum (IceCv)
  A hydra simulacrum (IceCv)
  3 acid dragons
  A water moccasin (D:7)
  15 orc warriors
  2 black bears
  3 ice beasts
  5 ogres
  2 centaurs
  2 phantoms (D:6)
  2 kobold brigands
  4 bullfrogs
  2 necrophages (D:6)
  4 scorpions
  A cane toad simulacrum (IceCv)
  7 wights
  6 killer bees (D:9)
  An elephant simulacrum (IceCv)
  3 howler monkeys (D:10)
  3 jellies
  2 gnoll boudas
  A hound (D:5)
  5 orc priests
  An iron imp (D:13)
  3 iguanas
  Natasha (twice) (D:3)
  5 orc wizards
  2 polar bear simulacra (IceCv)
  4 spriggan simulacra (IceCv)
  2 troll simulacra (IceCv)
  5 gnolls (D:5)
  4 naga simulacra (IceCv)
  5 adders
  15 white imps
  6 ufetubi
  3 dart slugs
  46 orcs
  3 endoplasms
  7 giant cockroaches
  10 goblins
  7 hobgoblins
  13 jackals
  13 kobolds
  2 quokkas (D:4)
  3 ball pythons
  5 bats
  2 frilled lizards
  5 rats
  A bush (D:13)
343 creatures vanquished.

Vanquished Creatures (collateral kills)
  A hydra (D:13)
  A skeletal warrior (D:11)
2 creatures vanquished.

Vanquished Creatures (others)
  An ufetubus (IceCv)
1 creature vanquished.

Grand Total: 346 creatures vanquished

Notes
Turn   | Place    | Note
-------+----------+-------------------------------------------
     0 | D:1      | Zeld the Minotaur Berserker began the quest for the Orb.
     0 | D:1      | Reached XP level 1. HP: 19/19 MP: 0/0
   306 | D:1      | Found a faded altar of an unknown god.
   347 | D:1      | Reached XP level 2. HP: 24/27 MP: 1/1
   388 | D:1      | Reached skill level 4 in Axes
   953 | D:1      | Reached XP level 3. HP: 31/33 MP: 2/2
  1398 | D:2      | Found a bloodstained altar of Trog.
  1689 | D:2      | Reached ** piety under Trog
  1967 | D:3      | Found a shadowy altar of Dithmenos.
  2290 | D:3      | Reached XP level 4. HP: 36/40 MP: 3/3
  2457 | D:3      | Found Reweewutack's Weapon Emporium.
  2493 | D:3      | Reached skill level 5 in Axes
  3023 | D:3      | Noticed Natasha
  3033 | D:3      | Killed Natasha
  3034 | D:3      | Reached XP level 5. HP: 33/47 MP: 4/4
  3147 | D:3      | Noticed Natasha
  3154 | D:3      | Killed Natasha
  3529 | D:4      | Noticed a black bear
  3538 | D:4      | Killed a black bear
  3539 | D:4      | Reached XP level 6. HP: 37/55 MP: 5/5
  3770 | D:4      | Reached skill level 6 in Axes
  3804 | D:4      | Reached skill level 5 in Fighting
  4259 | D:4      | Found Pifoce's Assorted Antiques.
  4264 | D:4      | Bought 2 viscous coppery potions for 41 gold pieces
  4264 | D:4      | Bought a sedimented yellow potion for 20 gold pieces
  4264 | D:4      | Bought a scroll labelled ZUXTEA LEOSIR for 23 gold pieces
  4264 | D:4      | Bought a scroll labelled OCOESO UCWI for 23 gold pieces
  4264 | D:4      | Bought a scroll labelled OCOESO UCWI for 23 gold pieces
  4264 | D:4      | Bought a scroll labelled VUT TUUCKU for 23 gold pieces
  4264 | D:4      | Bought a scroll labelled ZUXTEA LEOSIR for 23 gold pieces
  4494 | D:5      | Entered Level 5 of the Dungeon
  4504 | D:5      | Reached XP level 7. HP: 34/61 MP: 6/6
  4834 | D:5      | Reached skill level 7 in Axes
  5272 | D:5      | Reached skill level 5 in Armour
  5620 | D:5      | Found Foifydeate's Jewellery Shoppe.
  5838 | D:6      | Found a staircase to the Ecumenical Temple.
  5898 | Temple   | Entered the Ecumenical Temple
  6040 | D:6      | Reached skill level 8 in Axes
  6040 | D:6      | Reached skill level 5 in Dodging
  6040 | D:6      | Reached XP level 8. HP: 66/70 MP: 7/7
  6595 | D:6      | Identified the +0 pair of gloves of the Sun {rF+++ rC+++
                  | Will- rCorr Str-3}
  6647 | D:6      | Reached skill level 9 in Axes
  6733 | D:6      | Reached *** piety under Trog
  7622 | D:7      | Reached XP level 9. HP: 79/79 MP: 8/8
  8303 | D:8      | Reached skill level 10 in Axes
  8839 | D:8      | Reached **** piety under Trog
  8980 | D:8      | Reached skill level 11 in Axes
  8982 | D:8      | Paralysed by a hornet for 1 turns
  9384 | D:8      | Found a white marble altar of Elyvilon.
  9384 | D:8      | Found a glowing golden altar of the Shining One.
  9385 | D:8      | Found a glowing silver altar of Zin.
  9438 | D:8      | Found a stormy altar of Qazlal.
 10037 | D:9      | Reached XP level 10. HP: 37/90 MP: 9/9
 10625 | D:9      | Reached skill level 12 in Axes
 10797 | D:9      | Noticed Maggie
 10808 | D:9      | Killed Maggie
 10820 | D:9      | Noticed a centaur warrior
 10828 | D:9      | Killed a centaur warrior
 11224 | D:9      | Found a hide-covered altar of Uskayaw.
 11374 | D:9      | Noticed Erica
 11400 | D:9      | Killed Erica
 11401 | D:9      | Reached skill level 13 in Axes
 11515 | D:9      | Found a bloodstained altar of Trog.
 11522 | D:9      | Found a shadowy altar of Dithmenos.
 11727 | D:10     | Entered Level 10 of the Dungeon
 11913 | D:10     | Reached XP level 11. HP: 92/99 MP: 10/10
 11997 | D:10     | Reached skill level 10 in Fighting
 11997 | D:10     | Found a staircase to the Lair.
 12022 | D:10     | Identified the +7 flail of Ytipnois {vorpal, rF+ rC- rN+
                  | SInv}
 12248 | D:10     | Noticed a two-headed ogre
 12258 | D:10     | Killed a two-headed ogre
 12259 | D:10     | Found a portal to a secret trove of treasure.
 12727 | D:10     | Identified a scroll of acquirement
 12749 | D:10     | Acquired 768 gold pieces
 12889 | D:4      | Bought a knobbly iron ring for 115 gold pieces
 12889 | D:4      | Bought a wand of quicksilver (5) for 483 gold pieces
 13265 | D:10     | Noticed a two-headed ogre
 13271 | D:10     | Killed a two-headed ogre
 13272 | D:10     | Reached skill level 14 in Axes
 13272 | D:10     | Reached skill level 10 in Armour
 13677 | Lair:1   | Entered Level 1 of the Lair of Beasts
 13779 | D:11     | Found a frozen archway.
 13782 | D:11     | Noticed a skeletal warrior
 13785 | D:11     | Noticed a skeletal warrior
 13785 | D:11     | Noticed a skeletal warrior
 13787 | D:11     | Noticed a skeletal warrior
 13796 | IceCv    | Entered an ice cave
 14042 | IceCv    | Reached ***** piety under Trog
 16297 | IceCv    | Noticed a reaper
 16310 | IceCv    | Killed a reaper
 16311 | IceCv    | Reached skill level 15 in Axes
 16311 | IceCv    | Reached skill level 10 in Dodging
 17388 | D:11     | Found an iron altar of Okawaru.
 17398 | D:11     | Reached XP level 12. HP: 84/110 MP: 11/11
 17646 | D:11     | Noticed a two-headed ogre
 17653 | D:11     | Killed a two-headed ogre
 17737 | D:11     | Found a staircase to the Orcish Mines.
 17754 | D:11     | Found a runed translucent gate.
 18685 | D:11     | Found a runed translucent gate.
 18685 | D:11     | Found an opulent altar of Gozag.
 18686 | D:11     | Found a runed translucent gate.
 18687 | D:11     | Found Hiritwi's Assorted Antiques.
 18687 | D:11     | Noticed a rakshasa
 18688 | D:11     | Noticed Icepheonix32's ghost (journeyman MiFi)
 19034 | D:12     | Noticed a five-headed hydra
 19040 | D:12     | Killed an eight-headed hydra
 19041 | D:12     | Reached skill level 16 in Axes
 19779 | D:13     | Noticed a two-headed ogre
 19781 | D:13     | Killed a two-headed ogre
 19801 | D:13     | Noticed a centaur warrior
 19803 | D:13     | Noticed a centaur warrior
 20023 | D:13     | Killed a centaur warrior
 20029 | D:13     | Killed a centaur warrior
 20039 | D:13     | Received a gift from Trog
 20300 | D:13     | Noticed a four-headed hydra
 20310 | D:13     | Killed an 11-headed hydra
 20525 | D:13     | Noticed a two-headed ogre
 20527 | D:13     | Killed a two-headed ogre
 20572 | D:13     | Acquired a +2 executioner's axe of electrocution
 20636 | D:13     | Reached XP level 13. HP: 110/119 MP: 12/12
 20666 | D:13     | Reached skill level 17 in Axes
 20845 | D:13     | Found a snail-covered altar of Cheibriados.
 21500 | D:13     | Found a runed translucent door.
 21502 | D:13     | Noticed lonewolfV2's ghost (journeyman GnBe)
 21527 | D:13     | Killed lonewolfV2's ghost
 22097 | D:12     | Shot with an arrow by a centaur warrior

Illustrated notes

Levels and vault maps discovered:
D:1:      eino_arrival_tree_alley, layout_basic,
          dreamdust_ecumenical_altar_statues
D:2:      layout_basic, basic_altar
D:3:      layout_basic, grunt_dithmenos_smoke, serial_shops,
          nicolae_square_shop, uniq_natasha
D:4:      layout_loops_ring, nicolae_stop_n_shop_2
D:5:      layout_basic, serial_shops, shop
D:6:      layout_cave_pods, minmay_temple_entry_waves
D:7:      corexii_shack_village, layout_basic
D:8:      minmay_razor_zed, layout_basic, good_gods_temple_1,
          grunt_qazlal_clouds
D:9:      layout_long_grid, lemuel_doored_altar, hangedman_feature_mirror,
          minivault_25, corexii_corridor_pit, uniq_maggie, uniq_erica
D:10:     layout_long_grid, lair_entry_dummy, nicolae_trove_entry_crossroad
D:11:     layout_irregular_city, minmay_orc_entry_temple_small,
          portal_ice_cave_entry_imps, ebering_ghost_gozag, okawaru_humans
D:12:     minmay_isolated_rectangles_in_corner, layout_gridville
D:13:     layout_roguey [special_room_orc],
          hangedman_vaults_entry_quadrant_bands, hellmonk_ghost_big_iron,
          slow_altar_1
Temple:   kb_temple_of_zot
Lair:1:   layout_long_grid, st_stairs_12, beast_lair_carwin_4

Skill      XL: |  1  2  3  4  5  6  7  8  9 10 11 12 13 |
---------------+----------------------------------------+-----
Axes           | 4 5 6 8 9 11 13 15 16 17 | 17.4
Fighting       | 4 5 6 7 8 9 11 12 | 12.8
Armour         | 3 4 5 6 8 9 10 12 | 12.5
Dodging        | 3 4 5 6 7 8 10 11 | 11.6

Action                   |  1- 3 |  4- 6 |  7- 9 | 10-12 | 13-15 || total
-------------------------+-------+-------+-------+-------+-------++-------
Melee: Hand axe          |   104 |    95 |   239 |       |       ||   438
       Headbutt          |    13 |    14 |    42 |    90 |    17 ||   176
       Punch             |       |     2 |     4 |       |       ||     6
       Battleaxe         |       |       |    26 |   383 |    74 ||   483
Invok: Berserk           |       |     2 |     1 |     3 |       ||     6
       Brothers in Arms  |       |       |       |     1 |     1 ||     2
       Trog's Hand       |       |       |       |       |     1 ||     1
  Use: Scroll            |       |       |       |    23 |     2 ||    25
Armor: Animal skin       |    33 |    25 |     7 |       |       ||    65
       Plate armour      |       |       |   113 |   200 |    62 ||   375
Dodge: Dodged            |    69 |    59 |   116 |   174 |    52 ||   470
Block: Other             |     8 |    24 |    79 |    80 |    29 ||   220
       Reflection        |     1 |       |     4 |     3 |     2 ||    10
